 Dungeon Crawl Stone Soup version 0.14-a0-2443-g5aee772 (webtiles) character file.

755 Egon the Skirmisher (level 7, 62/62 HPs)
             Began as a Mottled Draconian Berserker on Feb 6, 2014.
             Was a Priest of Trog.
             Quit the game on Level 4 of the Dungeon.
             The game lasted 00:06:29 (2664 turns).

Egon the Skirmisher (Mottled Draconian Berserker)   Turns: 2664, Time: 00:06:29

HP  62/62        AC  9     Str 19      XL: 7   Next: 21%
MP   7/7         EV 14     Int  8      God: Trog [***...]
Gold 137         SH  0     Dex 12      Spells:  0 memorised,  6 levels left

rFire  . . .     SeeInvis .     a - +0 hand axe
rCold  . . .     Clarity  .     (armour unavailable)
rNeg   . . .     Conserve .     (no shield)
rPois  .         rCorr    .     (helmet restricted)
rElec  .         rRot     .     (no cloak)
SustAb . .       Spirit   .     (no gloves)
rMut   .         Warding  .     (no boots)
Saprov . . .     Stasis   .     (no amulet)
MR     .....                    y - +3 ring of protection
                                v - ring of regeneration

@: invisible, confused, very slightly contaminated, not resistant to hostile
enchantments, very unstealthy
A: breathe sticky flames, unfitting armour, AC +6
a: Breathe Sticky Flame, Burn Spellbooks, Berserk, Trog's Hand, Renounce
Religion


You were on level 4 of the Dungeon.
You worshipped Trog.
Trog was most pleased with you.
You were near starving.

You visited 1 branch of the dungeon, and saw 4 of its levels.

You collected 137 gold pieces.

Inventory:

Hand weapons
 a - a +0,+0 hand axe (weapon)
Magical devices
 p - a wand of polymorph (19)
 B - a wand of magic darts (2)
Comestibles
 c - 4 bread rations
 k - 14 strawberries
 o - a slice of pizza
 t - a banana
 u - a meat ration
 z - a choko
Scrolls
 b - 3 scrolls of identify {unknown}
 d - 5 scrolls of teleportation {unknown}
 e - a scroll of immolation {unknown}
 f - a scroll of random uselessness {unknown}
 g - 3 scrolls of remove curse {unknown}
 h - a scroll of enchant armour {unknown}
 l - a scroll of enchant weapon II {unknown}
 r - a scroll of magic mapping {unknown}
 w - 2 scrolls of fog {unknown}
 x - a scroll of fear {unknown}
Jewellery
 v - a ring of regeneration (left hand)
 y - a +3 ring of protection (right hand)
Potions
 i - a potion of heal wounds
 s - a potion of restore abilities


   Skills:
 + Level 5.8 Fighting
 + Level 5.5 Axes
 + Level 4.8 Dodging


You had 6 spell levels left.
You didn't know any spells.

Dungeon Overview and Level Annotations

Branches:
Dungeon (4/16)
 Temple: D:4-7

Altars:
Vehumet
Zin


Message History

It was a potion of lignification.
It'd take too long for a potion to reach your roots.
You start waiting.
You feel less exhausted.
You start waiting.
Your transformation is almost over.
It'd take too long for a potion to reach your roots.
You start waiting.
You feel less woody.
You are near starving!
Drink which item? (? for menu, Esc to quit)
You are confused.
It was a potion of confusion.
Drink which item? (? for menu, Esc to quit)
You feel your intelligence returning.
It was a potion of restore abilities.
Drink which item? (? for menu, Esc to quit)
You fade into invisibility!
It was a potion of invisibility.
You are very lightly contaminated with residual magic.
Are you sure you want to abandon this character and quit the game? (Confirm with "yes".)

##### ## ##...## ..
#.....# .# . . #.....# .#
....
#####.....######.#......
................@........
########...##...#.#...#.#
......................(.
###...##...##...#.#<.##.
#......######...#.#..#
#......# #...#.# .#
#......# ###...# #
####.### #...# #.# #...#


There were no monsters in sight!

Vanquished Creatures
  Grinder (D:4)
  A phantom (D:4)
  An ogre (D:3)
  2 orc priests (D:4)
  A worker ant (D:4)
  A gnoll (D:2)
  4 adders
  A giant mite (D:2)
  An inept feature mimic (D:3)
  2 worms (D:3)
  A giant gecko (D:3)
  9 orcs
  A giant cockroach (D:2)
  3 goblins
  6 hobgoblins
  7 jackals
  7 kobolds
  A ball python (D:1)
  6 bats
  2 giant newts
  A kobold skeleton (D:4)
  7 rats
66 creatures vanquished.

Notes
Turn   | Place    | Note
--------------------------------------------------------------
     0 | D:1      | Egon, the Draconian Berserker, began the quest for the Orb.
     0 | D:1      | Reached XP level 1. HP: 19/19 MP: 1/1
   233 | D:1      | Reached XP level 2. HP: 21/26 MP: 2/2
   792 | D:2      | Acquired Trog's second power
   812 | D:2      | Reached XP level 3. HP: 15/33 MP: 3/3
  1281 | D:2      | Found a radiant altar of Vehumet.
  1354 | D:2      | Reached skill level 4 in Fighting
  1432 | D:2      | Reached XP level 4. HP: 40/40 MP: 4/4
  1979 | D:3      | Found a glowing silver altar of Zin.
  1979 | D:3      | Noticed an angel
  2053 | D:3      | Noticed an ogre
  2058 | D:3      | Killed an ogre
  2058 | D:3      | Reached XP level 5. HP: 47/47 MP: 5/5
  2513 | D:4      | Reached XP level 6. HP: 55/55 MP: 6/6
  2534 | D:4      | Reached skill level 5 in Fighting
  2588 | D:4      | Noticed Grinder
  2593 | D:4      | Noticed a phantom
  2604 | D:4      | Killed Grinder
  2604 | D:4      | Reached skill level 5 in Axes
  2604 | D:4      | Your scales start taking on a weird mottled pattern.
  2604 | D:4      | Reached XP level 7. HP: 58/61 MP: 7/7
  2624 | D:4      | Killed a phantom
  2664 | D:4      | Quit the game

Action                   |  1- 3 |  4- 6 |  7- 9 || total
-------------------------+-------+-------+-------++-------
Melee: Hand axe          |    97 |   189 |    15 ||   301
Invok: Berserk           |       |     2 |       ||     2
       Burn Spellbooks   |       |     1 |       ||     1
       Trog's Hand       |       |     1 |       ||     1
Evoke: Wand              |     1 |       |     3 ||     4
  Use: Potion            |       |       |     7 ||     7
 Stab: Sleeping          |     1 |       |       ||     1
